 Dungeon Crawl Stone Soup version 0.17-a0-1731-g129c023 (webtiles) character file.

58 kae the Cudgeler (level 3, -1/29 HPs)
             Began as a Demonspawn Fighter on Aug 29, 2015.
             Slain by an orc wizard
             ... wielding a +4 dagger
              (7 damage)
             ... on level 3 of the Dungeon.
             The game lasted 00:01:34 (2052 turns).

kae the Cudgeler (Demonspawn Fighter)               Turns: 2052, Time: 00:01:34

Health: -1/29      AC:  8    Str: 17    XL:     3   Next: 76%
Magic:  3/3        EV:  6    Int:  9    God:
Gold:   174        SH:  8    Dex: 12    Spells: 0 memorised, 2 levels left

rFire  . . .     SeeInvis .     a - +0 flail
rCold  . . .     Clarity  .     b - +0 scale mail
rNeg   . . .     SustAt   .     c - +0 shield
rPois  .         Gourm    .     (no helmet)
rElec  .         Spirit   .     (no cloak)
rCorr  .         Warding  .     (no gloves)
rMut   .         Stasis   .     (no boots)
MR     .....                    (no amulet)
Stlth  ..........               (no ring)
                                (no ring)

@: lethally poisoned (-1 -> -2), not resistant to hostile enchantments,
extremely unstealthy
A: thin metallic scales 1
a: no special abilities


You were on level 3 of the Dungeon.
You were hungry.

You visited 1 branch of the dungeon, and saw 3 of its levels.

You collected 174 gold pieces.

Inventory:

Hand weapons
 a - a +0 flail (weapon)
Armour
 b - a +0 scale mail (worn)
 c - a +0 shield (worn)
Jewellery
 q - an uncursed ring of sustain attributes {unknown}
Scrolls
 h - 2 scrolls of amnesia {unknown}
 i - a scroll of magic mapping {unknown}
 j - a scroll of random uselessness {unknown}
 k - a scroll of fog {unknown}
 l - a scroll of blinking {unknown}
 n - 5 scrolls of identify {unknown}
 p - 2 scrolls of remove curse {unknown}
Potions
 d - 2 potions of might
 g - a potion of heal wounds {unknown}
 o - 2 potions of curing {unknown}
 r - a potion of flight {unknown}
Comestibles
 e - a bread ration
 f - 3 fruits
 m - a meat ration


   Skills:
 - Level 3.0 Fighting
 + Level 3.7 Maces & Flails
 - Level 2.6 Armour
 - Level 2.6 Shields


You had 2 spell levels left.
You didn't know any spells.

Dungeon Overview and Level Annotations

Branches:
Dungeon (3/15)

Altars:
Ashenzari
Cheibriados
Fedhas
The Shining One


Innate Abilities, Weirdness & Mutations

You are partially covered in thin metallic scales (AC +2).


Message History

You kill the orc!
You feel sick. You block the adder's attack.
Drink which item? (? for menu, Esc to quit)
Okay, then.
You miss the adder. The adder barely misses you. The adder closely misses you.
The orc wizard mumbles some strange words.
The orc wizard flickers and vanishes!
Deactivating autopickup; reactivate with Ctrl-A.
You closely miss the adder. The adder barely misses you.
You hear some strange, mumbled words.
A puff of flame appears from out of thin air!
The puff of flame hits the adder.
The adder dies!
You closely miss the orc.
You feel sick.
You closely miss something.
Unknown command.
You closely miss something. Something hits you.
* * * LOW HITPOINT WARNING * * *
Something hits you!
You die...

#. #.....
####.###### #..###
.?........#####..#
##...(.........#
##.(#(........#
#.(#...####..#
#).##### #..#
#####o.###### #..#
#..@)o....... ...#
#.###..###### ##.#
.........# ..
#.....o...#
#.#.♣.♣.#.# ..
......# ..
.♣.♣.♣?. . ...
.....# .♣ ♣ ♣.♣ .#


You could see 2 orcs.

Vanquished Creatures
  An adder (D:2)
  2 worms (D:2)
  An orc (D:3)
  2 giant cockroaches
  5 hobgoblins
  4 jackals (D:1)
  6 kobolds
  A ball python (D:1)
  A bat (D:2)
  4 giant newts
  10 goblins
  5 rats
42 creatures vanquished.

Vanquished Creatures (others)
  An adder (D:3)
1 creature vanquished.

Grand Total: 43 creatures vanquished

Notes
Turn   | Place    | Note
--------------------------------------------------------------
     0 | D:1      | kae the Demonspawn Fighter began the quest for the Orb.
     0 | D:1      | Reached XP level 1. HP: 18/18 MP: 1/1
   299 | D:1      | Gained mutation: You are partially covered in thin metallic scales (AC +2). [demonic ancestry]
   299 | D:1      | Reached XP level 2. HP: 24/24 MP: 2/2
   879 | D:2      | Found a shattered altar of Ashenzari.
   914 | D:2      | Reached XP level 3. HP: 15/29 MP: 3/3
  1206 | D:2      | Found a snail-covered altar of Cheibriados.
  1207 | D:2      | Found a blossoming altar of Fedhas.
  1897 | D:2      | Found a glowing golden altar of the Shining One.
  2052 | D:3      | Slain by an orc wizard

Vault maps used:
D:1:      dpeg_arrival_orchard
D:2:      ashenzari_altar_1, tso_altar, minitemple
D:3:      okawaru_trees_1, uniq_terence

Action                   || total
-------------------------++-------
Melee: Flail             ||   165
  Eat: Chunk             ||     3
